 Dungeon Crawl Stone Soup version 0.31.0-12-g77e489cdc1 (webtiles) character file.

Game seed: 1131520754032720159

1 Peloso the Shield-Bearer (level 1, -4/6 HPs)
             Began as a Minotaur Fighter on Feb 28, 2024.
             Slain by a hobgoblin (5 damage)
             ... on level 1 of the Dungeon.
             The game lasted 00:01:08 (64 turns).

Peloso the Shield-Bearer (Minotaur Fighter)           Turns: 64, Time: 00:01:09

Health: -4/6       AC:  0    Str: 20    XL:     1   Next: 16%
Magic:  0/0        EV: 15    Int:  5    God:
Gold:   0          SH:  0    Dex:  9    Spells: 0/0 levels left

rFire   . . .        a - melded +0 long sword
rCold   . . .        d - melded +0 buckler
rNeg    . . .        b - melded +0 scale mail
rPois   .            (helmet restricted)
rElec   .            (no cloak)
rCorr   .            (no gloves)
SInv    .            (no boots)
Will    .....        (no amulet)
Stlth   +            (no ring)
HPRegen 0.21/turn    (no ring)
MPRegen 0.07/turn

%: no passive effects
@: flux-form, glowing
A: glow, contaminating, reduced hp, horns 2, retaliatory headbutt
a: Begin Untransformation


You were on level 1 of the Dungeon.
You were something dangerously unstable.
You visited 1 branch of the dungeon, and saw 1 of its levels.

Inventory:

Hand Weapons
 a - a +0 long sword (melded)
Armour
 b - a +0 scale mail (melded)
 d - a +0 buckler (melded)
Talismans
 c - a flux talisman (active)
Scrolls
 e - a scroll of poison {unknown}
Potions
 f - a potion of might


   Skills:
 + Level 3.6 Fighting
 + Level 2.4 Long Blades
 + Level 3.6 Armour
 + Level 3.6 Shields


You couldn't memorise any spells.
You didn't know any spells.
Your spell library was empty.

Dungeon Overview and Level Annotations

Branches:
Dungeon (1/15)

Altars:


Innate Abilities, Weirdness & Mutations

You are something dangerously unstable.
You glow with magical radiation, making you easy to see and hit.
Foes you strike become dangerously contaminated with magical radiation.
Your maximum health is decreased, since you lack skill for your form.
You are incapable of wielding weapons or throwing items.
You have a pair of horns on your head.
You reflexively headbutt those who attack you in melee.


Message History

You start removing your armour.
You continue taking off your +0 buckler. x4
HP restored.
You finish taking off your +0 buckler.
You drop a +0 buckler.
You see here a flux talisman.
c - a flux talisman You see here a +0 buckler.
d - a +0 buckler You see here a potion of might.
f - a potion of might
Okay, then.
You start putting on your armour.
You continue putting on your +0 buckler. x4
You finish putting on your +0 buckler.
You begin transforming.
You continue transforming. x3
You turn into something dangerously unstable.
Your +0 long sword melds into your body.
Your +0 buckler melds into your body.
Your +0 scale mail melds into your body.
Unknown command.
As you open the door, it creaks loudly!
You hear a shout! x3
Found an escape hatch in the floor.
There is an open door here.
A hobgoblin comes into view.
There is an open door here.
The hobgoblin hits you.
You closely miss the hobgoblin. Your headbutt misses the hobgoblin.
The hobgoblin hits you.
You barely miss the hobgoblin. The hobgoblin hits you.
Ouch! That really hurt!
* * * LOW HITPOINT WARNING * * *
You barely miss the hobgoblin. Your headbutt misses the hobgoblin.
The hobgoblin closely misses you.
You hit the hobgoblin.
The hobgoblin begins to glow.
Your headbutt misses the hobgoblin.
The hobgoblin is moderately wounded.
The hobgoblin hits you.
Ouch! That really hurt!
You die...

≈≈≈≈≈≈≈≈≈≈≈#
≈≈≈≈≈≈≈≈≈≈~## #~
≈≈≈≈≈≈≈≈≈~~##+##..
≈≈≈≈≈≈≈≈~~.......
#####≈~~~≈~~........
##...##~~~~~~........
#.....#..†~~......[~~
#.><..'.........~~~~~
#.....#......p.~~~~≈~
##...##~.....g~~≈≈≈≈≈
#####~~~~....~≈≈≈≈≈≈
≈≈≈≈≈~~~...~~≈≈≈≈≈
≈≈≈≈≈≈~~..~~≈≈≈≈≈≈
≈≈≈≈≈≈≈~~..~~≈≈≈≈≈≈
≈≈≈≈≈≈~~...~~~≈≈≈≈~
≈≈≈≈≈≈##'##≈≈≈≈≈≈~
≈≈≈≈##...##≈≈≈≈


You could see a hobgoblin (contam).

Vanquished Creatures
  A quokka (D:1)
1 creature vanquished.

Notes
Turn   | Place    | Note
-------+----------+-------------------------------------------
     0 | D:1      | Peloso the Minotaur Fighter began the quest for the Orb.
     0 | D:1      | Reached XP level 1. HP: 19/19 MP: 0/0
    64 | D:1      | Slain by a hobgoblin

Illustrated notes

Levels and vault maps discovered:
D:1:      minmay_arrival_shoal_huts, layout_loops_ring

Action                     || total
---------------------------++-------
  Melee: Long sword        ||     6
         Unarmed           ||     4
         Headbutt          ||     1
 Armour: Skin              ||     4
         Scale mail        ||     2
  Dodge: Dodged            ||     7
   Form: Flux              ||     1
